 Dungeon Crawl Stone Soup version 0.31-a0-256-g80acddb972 (webtiles) character file.

Game seed: 12692495457299142109

91 qw the Shooter (level 4, -7/36 HPs)
             Began as a Minotaur Hexslinger on July 12, 2023.
             Killed from afar by a white imp (9 damage)
             ... with a puff of frost
             ... on level 6 of the Dungeon.
             The game lasted 00:00:34 (1677 turns).

qw the Shooter (Minotaur Hexslinger)                Turns: 1677, Time: 00:00:35

Health: -7/36      AC:  5    Str: 13    XL:     4   Next: 34%
Magic:  4/4        EV: 11    Int: 10    God:
Gold:   180        SH:  0    Dex: 14    Spells: 4/5 levels left

rFire   . . .        Y - +1 sling
rCold   . . .        (no shield)
rNeg    . . .        g - +0 ring mail
rPois   .            (helmet restricted)
rElec   .            (no cloak)
rCorr   .            (no gloves)
SInv    .            (no boots)
Will    .....        (no amulet)
Stlth   +            (no ring)
HPRegen 0.26/turn    (no ring)
MPRegen 0.09/turn

%: no passive effects
@: no status effects
A: horns 2, retaliatory headbutt
a: no special abilities


You were on level 6 of the Dungeon.
You visited 1 branch of the dungeon, and saw 4 of its levels.

You collected 180 gold pieces.


Innate Abilities, Weirdness & Mutations

You have a pair of horns on your head.
You reflexively headbutt those who attack you in melee.


   Skills:
 - Level 2.0 Fighting
 + Level 4.3 Ranged Weapons
 - Level 2.2 Armour
 - Level 2.1 Dodging
 - Level 1.0 Spellcasting
 - Level 2.0 Hexes


You had 4 spell levels left.
You knew the following spells:

 Your Spells              Type           Power      Damage    Failure   Level
a - Slow                  Hex            16%        N/A       32%         1

Your spell library contained the following spells:

 Spells                   Type           Power      Damage    Failure   Level
 Inner Flame              Hex/Fire       2%         N/A       82%         3
 Portal Projectile        Hex/Tloc       4%         N/A       82%         3
 Cause Fear               Hex            2%         N/A       97%         4

Inventory:

Hand Weapons
 Y - a +1 sling (weapon)
Armour
 g - a +0 ring mail (worn)
Scrolls
 a - a scroll of vulnerability {unknown}
Potions
 d - a potion of curing
 e - a potion of mutation {unknown}
 f - a potion of ambrosia {unknown}
 i - a potion of lignification {unknown}
 j - a potion of haste

Dungeon Overview and Level Annotations

Branches:
Dungeon (3/15)

Altars:


Message History

The puff of frost hits you.
You shoot a sling bullet.
The sling bullet hits the white imp but does no damage.
You shoot a sling bullet.
The sling bullet completely misses the white imp.
The white imp gestures at you. The puff of frost hits you!
You shoot a sling bullet.
The sling bullet closely misses the white imp.
You shoot a sling bullet.
The sling bullet closely misses the white imp.
You shoot a sling bullet. The sling bullet hits the white imp.
The white imp is moderately wounded.
The white imp hits you. The white imp freezes you.
You shoot a sling bullet.
The sling bullet closely misses the white imp.
A sleepcap comes into view.
The white imp gestures at you. The puff of frost hits you!
You shoot a sling bullet.
The sling bullet barely misses the white imp.
The sling bullet completely misses the sleepcap.
The white imp closely misses you.
The white imp hits you but does no damage.
You shoot a sling bullet. The sling bullet hits the white imp.
The white imp is moderately wounded.
The white imp shouts, "Get thee hence, thou grime-gilt fool-headed meatball!"
The white imp gestures at you. The puff of frost hits you.
You shoot a sling bullet. The sling bullet hits the white imp.
The white imp is heavily wounded.
The white imp completely misses you.
You shoot a sling bullet.
The sling bullet closely misses the white imp.
The sling bullet hits the sleepcap but does no damage.
The white imp hits you but does no damage.
The white imp grinds its teeth.
The white imp gestures at you. The puff of frost hits you!
You die...

......# ......
..... ...# ...
..# #.# ...#
##.######...#
##.@##......#
#..##f5###......#
#.......#......#
##..###........#
#.#####.......#
#..#...........#
... #.####......#
... #......# ...
########


You could see a sleepcap and a white imp.

Vanquished Creatures
  An iguana (D:6)
  2 adders (D:6)
  A worm (D:2)
  A dart slug (D:1)
  4 ball pythons (D:1)
  3 endoplasms (D:1)
  A giant cockroach (D:1)
  4 goblins
  4 hobgoblins
  A quokka (D:3)
  4 bats
  2 frilled lizards
  7 kobolds
  6 rats
41 creatures vanquished.

Notes
Turn   | Place    | Note
-------+----------+-------------------------------------------
     0 | D:1      | qw the Minotaur Hexslinger began the quest for the Orb.
     0 | D:1      | Reached XP level 1. HP: 16/16 MP: 1/1
     0 | D:1      | 0 ||| qw: Version: 0.3-a-52-g30416fa
     0 | D:1      | 0 ||| qw: Game counter: 6751
     0 | D:1      | 0 ||| qw: Melee chars always use a shield: true
     0 | D:1      | 0 ||| qw: God list: Okawaru
     0 | D:1      | 0 ||| qw: Allow faded altars: false
     0 | D:1      | 0 ||| qw: Do Orc after clearing Dungeon:15 true
     0 | D:1      | 0 ||| qw: Do second Lair branch before Depths: true
     0 | D:1      | 0 ||| qw: Lair rune preference: random
     0 | D:1      | 0 ||| qw: Goals: Normal
     0 | D:1      | 0 ||| PLANNING D:1-11
   148 | D:1      | Reached skill level 3 in Ranged Weapons
   149 | D:1      | Reached XP level 2. HP: 12/23 MP: 2/2
   479 | D:1      | Found a faded altar of an unknown god.
   763 | D:1      | 763 ||| READING scroll labelled SUDEC PEHI.
   764 | D:1      | 764 ||| READING 2 scrolls labelled ULIYSU HUQOO.
   765 | D:1      | 765 ||| READING scroll labelled TUDOCZ ECRUODY.
   766 | D:1      | 766 ||| READING 3 scrolls labelled UDGHIL GUUG.
   767 | D:1      | 767 ||| DROPPING scroll of poison.
   768 | D:1      | 768 ||| DROPPING scroll of blinking.
   769 | D:1      | 769 ||| DROPPING 2 scrolls of noise.
   874 | D:2      | Reached XP level 3. HP: 29/29 MP: 3/3
  1319 | D:2      | 1319 ||| UPGRADING to +0 ring mail.
  1329 | D:2      | 1329 ||| DROPPING +0 robe.
  1330 | D:2      | 1330 ||| READING scroll labelled GAYTER IMACU.
  1331 | D:2      | 1331 ||| DRINKING 2 puce potions.
  1332 | D:2      | 1332 ||| DRINKING 2 inky potions.
  1333 | D:2      | 1333 ||| DRINKING 2 murky cyan potions.
  1334 | D:2      | 1334 ||| DROPPING potion of magic.
  1399 | D:3      | Reached skill level 4 in Ranged Weapons
  1598 | D:3      | You fall into a shaft and drop 3 floors!
  1616 | D:6      | Reached XP level 4. HP: 23/36 MP: 4/4
  1673 | D:6      | HP: 5/36 [white imp/puff of frost (11)]
  1675 | D:6      | HP: 1/36 [white imp/puff of frost (5)]
  1677 | D:6      | Killed from afar by a white imp

Levels and vault maps discovered:
D:1:      heliophobic_arrival_henge, layout_loops_ring,
          ebering_ecumenical_altar_hall, minmay_pentomino_w4
D:2:      layout_basic, minmay_misc_feat_secret_circle
D:3:      layout_basic, serial_shops, shop, nicolae_houndstooth_variations,
          uniq_crazy_yiuf_cottage
D:6:      layout_rooms, minmay_misc_feat_roman

Skill      XL: |  1  2  3 |
---------------+----------+-----
Ranged Weapons | 3 4 |  4.3
Fighting       | 2 |  2.0
Armour         | 2 |  2.2
Dodging        | |  2.1
Spellcasting   | |  1.0
Hexes          | |  2.0

Action                     |  1- 3 |  4- 6 || total
---------------------------+-------+-------++-------
   Fire: Sling             |    93 |    25 ||   118
    Use: Scroll            |     5 |       ||     5
         Potion            |     3 |       ||     3
 Armour: Robe              |     2 |       ||     2
         Ring mail         |     5 |     8 ||    13
  Dodge: Dodged            |    17 |    11 ||    28

Table legend:
 A = Non-vault XP
 B = Vault XP
 C = Vault XP percentage of total XP
 D = Non-vault monster count
 E = Vault monster count
 F = Vault count percentage of total count
                 A         B        C        D         E       F
            +---------+---------+-------+---------+---------+-------
      Total |     121 |      10 |   7.6 |      35 |       6 |  14.6
            +---------+---------+-------+---------+---------+-------
        D:1 |      27 |      10 |  27.0 |      15 |       6 |  28.6
        D:2 |      21 |       0 |   0.0 |      11 |       0 |   0.0
        D:3 |       9 |       0 |   0.0 |       6 |       0 |   0.0
        D:6 |      64 |       0 |   0.0 |       3 |       0 |   0.0
            +---------+---------+-------+---------+---------+-------
